 Dungeon Crawl Stone Soup version 0.31-a0-152-g6aa68a64a1 (webtiles) character file.

Game seed: 4437955623045213241

675312 hattey the Slayer (level 27, -3/245 HPs)
             Began as a Human Wanderer on June 7, 2023.
             Was the Champion of the Shining One.
             Slain by a golden dragon (7 damage)
             ... on level 3 of the Realm of Zot on June 9, 2023.
             The game lasted 06:26:44 (111243 turns).

hattey the Slayer (Human Wanderer)                Turns: 111243, Time: 06:26:46

Health: -3/245     AC: 36    Str: 29    XL:     27
Magic:  33/33      EV: 26    Int: 19    God:    the Shining One [******]
Gold:   7019       SH: 14    Dex: 21    Spells: 29/46 levels left

rFire   + + +        a - +4 eveningstar (spect)
rCold   + + +        R - +0 buckler "Lucopyps" {Drain rF+ Will+++ Slay+2}
rNeg    + + +        C - +6 pearl dragon scales of Ywoystre {rN+ rCorr Int+6}
rPois   .            S - +1 helmet
rElec   .            U - +1 cloak of Valour {Dex+7}
rCorr   +            d - +2 pair of gloves of the Lute {rF+ Str+2}
SInv    .            Q - +0 pair of boots of Rotten Fun {rC+++ rN+ Str-4}
Will    +++++        B - amulet "Plog" {Reflect rF+ SH+5 Stlth+}
Stlth   ++           t - ring of the Firefly {EV+5 Str+5 Stlth+}
HPRegen 0.60/turn    h - ring of the Two Names {Fly Dex+3 Slay+3}
MPRegen 0.23/turn

%: reflection, clarity
@: lethally poisoned (-3 -> -32), flying, glowing
A: camouflage 1, clarity, clumsy 2, low MP 1, strong 1, teleportitis 1, wild
magic 1, no potion heal 1
}: 5/15 runes: decaying, slimy, silver, abyssal, gossamer
a: Renounce Religion, Divine Shield, Cleansing Flame, Summon Divine Warrior,
Brand Weapon With Holy Wrath


You were on level 3 of the Realm of Zot.
You worshipped the Shining One.
The Shining One was exalted by your worship.
You visited 12 branches of the dungeon, and saw 54 of its levels.
You visited the Abyss 2 times.
You also visited: Bailey, Gauntlet and Wizlab.

You collected 7749 gold pieces.
You spent 730 gold pieces at shops.

Inventory:

Hand Weapons
 a - a +4 spectral eveningstar (weapon)
 q - a +2 heavy eveningstar
 w - a +4 hand crossbow of electrocution
 N - the +27 heavy crossbow "Sniper" {heavy, Acc+∞ SInv}
   (You found it on level 2 of the Crypt)

   Acc+∞: It never misses its target.
   SInv:      It lets you see invisible.
 O - the +7 whip "Human's Curse" {flame, rElec}
   (You found it on level 3 of the Elven Halls)

   rElec:     It insulates you from electricity.
Missiles
 y - 17 curare-tipped darts
 K - 9 throwing nets
Armour
 d - the +2 pair of gloves of the Lute (worn) {rF+ Str+2}
   (Okawaru gifted it to you on level 5 of the Abyss)

   Str:       It affects your strength (+2).
   rF:        It protects you from fire.
 C - the +6 pearl dragon scales of Ywoystre (worn) {rN+ rCorr Int+6}
   (You found it on level 3 of the Elven Halls)

   Int:       It affects your intelligence (+6).
   rN:        It protects you from negative energy.
   rCorr:     It protects you from acid and corrosion.
 Q - the +0 pair of boots of Rotten Fun (worn) {rC+++ rN+ Str-4}
   (Okawaru gifted it to you on level 2 of the Elven Halls)

   Str:       It affects your strength (-4).
   rC:        It renders you almost immune to cold.
   rN:        It protects you from negative energy.
 R - the +0 buckler "Lucopyps" (worn) {Drain rF+ Will+++ Slay+2}
   (You bought it in a shop on level 2 of the Orcish Mines)

   Slay:      It affects your accuracy & damage with ranged weapons and melee
   (+2).
   rF:        It protects you from fire.
   Drain:     It drains your maximum health when unequipped.
   Will:      It greatly increases your willpower.
 S - a +1 helmet (worn)
 U - the +1 cloak of Valour (worn) {Dex+7}
   (You bought it in a shop on level 2 of the Orcish Mines)

   Dex:       It affects your dexterity (+7).
Jewellery
 h - the ring of the Two Names (right hand) {Fly Dex+3 Slay+3}
   (You found it on level 2 of the Orcish Mines)

   [ring of flight]

   Dex:       It affects your dexterity (+3).
   Slay:      It affects your accuracy & damage with ranged weapons and melee
   (+3).
   Fly:       It grants you flight.
 t - the ring of the Firefly (left hand) {EV+5 Str+5 Stlth+}
   (You found it on level 5 of the Pits of Slime)

   [ring of evasion]

   EV:        It affects your evasion (+5).
   Str:       It affects your strength (+5).
   Stlth:     It makes you more stealthy.
 B - the amulet "Plog" (around neck) {Reflect rF+ SH+5 Stlth+}
   (You took it off a minotaur in a Gauntlet)

   [amulet of reflection]

   It reflects blocked missile attacks.
   rF:        It protects you from fire.
   SH:        It affects your SH (+5).
   Stlth:     It makes you more stealthy.
 P - the ring of Wuefob {rPois rF+ Dex+4 SInv Stlth+}
   (You found it on level 1 of the Realm of Zot)

   [ring of protection from fire]

   Dex:       It affects your dexterity (+4).
   rF:        It protects you from fire.
   rPois:     It protects you from poison.
   SInv:      It lets you see invisible.
   Stlth:     It makes you more stealthy.
Wands
 f - a wand of paralysis (67)
 g - a wand of mindburst (32)
 o - a wand of polymorph (26)
 x - a wand of light (85)
 F - a wand of iceblast (22)
 H - a wand of digging (27)
 J - a wand of flame (51)
Scrolls
 b - 2 scrolls of acquirement
 e - 14 scrolls of vulnerability
 i - 11 scrolls of fog
 j - 8 scrolls of immolation
 l - 3 scrolls of silence
 m - 13 scrolls of enchant armour
 n - 8 scrolls of magic mapping
 u - 21 scrolls of teleportation
 v - 2 scrolls of brand weapon
 A - 6 scrolls of poison
 D - 3 scrolls of torment
 M - 7 scrolls of blinking
 Y - 5 scrolls of enchant weapon
 Z - 8 scrolls of fear
Potions
 c - 6 potions of might
 p - 3 potions of resistance
 r - 16 potions of curing
 s - a potion of attraction
 z - 10 potions of heal wounds
 E - 7 potions of berserk rage
 L - 4 potions of invisibility
 V - 3 potions of lignification
 W - 7 potions of cancellation
 X - 7 potions of haste
Miscellaneous
 G - a condenser vane


   Skills:
 - Level 26.0 Fighting
 - Level 16.0 Maces & Flails
 + Level 22.9 Ranged Weapons
 - Level 20.0 Armour
 - Level 15.0 Dodging
 - Level 17.0 Shields
 - Level 10.0 Spellcasting
 - Level 2.0 Hexes
 - Level 10.0 Invocations
 - Level 15.0 Evocations


You had 29 spell levels left.
You knew the following spells:

 Your Spells              Type           Power      Damage    Failure   Level
a - Slow                  Hex            88%        N/A       10%         1
b - Apportation           Tloc           24%        N/A       19%         1
c - Blink                 Tloc           24%        N/A       28%         2
d - Portal Projectile     Hex/Tloc       34%        N/A       34%         3
e - Swiftness             Air            12%        N/A       45%         3
f - Enfeeble              Hex            11%        N/A       100%        7

Your spell library contained the following spells:

 Spells                   Type           Power      Damage    Failure   Level
 Beastly Appendage        Tmut           24%        N/A       19%         1
 Freeze                   Ice            48%        1d6       19%         1
 Kiss of Death            Conj/Necr      48%        2d9       19%         1
 Magic Dart               Conj           48%        1d5       19%         1
 Necrotise                Necr           48%        1d6       19%         1
 Shock                    Conj/Air       48%        1d6       19%         1
 Ensorcelled Hibernation  Hex/Ice        34%        N/A       19%         2
 Confusing Touch          Hex            22%        N/A       24%         3
 Tukima's Dance           Hex            22%        N/A       24%         3
 Call Imp                 Summ           24%        N/A       28%         2
 Cigotuvi's Dreadful Rot  Necr/Pois/Air  24%        N/A       28%         2
 Lesser Beckoning         Tloc           24%        N/A       28%         2
 Momentum Strike          Conj/Tloc      24%        3d8       28%         2
 Poisonous Vapours        Pois/Air       24%        N/A       28%         2
 Scorch                   Fire           24%        2d6       28%         2
 Searing Ray              Conj           24%        2d5       28%         2
 Static Discharge         Conj/Air       24%        2-3/arc   28%         2
 Sublimation of Blood     Necr           12%        N/A       28%         2
 Wereblood                Tmut           12%        N/A       28%         2
 Dazzling Flash           Conj/Hex       34%        N/A       34%         3
 Inner Flame              Hex/Fire       17%        N/A       34%         3
 Summon Guardian Golem    Hex/Summ       17%        N/A       34%         3
 Frozen Ramparts          Ice            24%        1d4       45%         3
 Hailstorm                Conj/Ice       12%        3d5       45%         3
 Ignite Poison            Fire/Tmut/Pois 12%        N/A       45%         3
 Mephitic Cloud           Conj/Pois/Air  12%        N/A       45%         3
 Ozocubu's Armour         Ice            12%        N/A       45%         3
 Spider Form              Tmut/Pois      12%        N/A       45%         3
 Stone Arrow              Conj/Erth      24%        3d8       45%         3
 Vampiric Draining        Necr           12%        2d6       45%         3
 Volatile Blastmotes      Fire/Tloc      24%        2d12      45%         3
 Cause Fear               Hex            11%        N/A       58%         4
 Anguish                  Hex/Necr       8%         N/A       73%         4
 Fulminant Prism          Conj/Hex       8%         3d7       73%         4
 Leda's Liquefaction      Hex/Erth       8%         N/A       73%         4
 Airstrike                Air            6%         2d(1-17)  85%         4
 Animate Armour           Summ/Erth      24%        N/A       85%         4
 Dispel Undead            Necr           12%        3d9       85%         4
 Flame Wave               Conj/Fire      12%        2d6       85%         4
 Iskenderun's Mystic Bla  Conj/Tloc      12%        2d5       85%         4
 Manifold Assault         Tloc           12%        N/A       85%         4
 Olgreb's Toxic Radiance  Pois           12%        N/A       85%         4
 Petrify                  Tmut/Erth      12%        N/A       85%         4
 Sticky Flame             Conj/Fire      12%        2d4       85%         4
 Summon Lightning Spire   Summ/Air       12%        N/A       85%         4
 Metabolic Englaciation   Hex/Ice        8%         N/A       96%         5
 Yara's Violent Unravell  Hex/Tmut       8%         3d5       96%         5
 Agony                    Necr           12%        N/A       99%         5
 Alistair's Intoxication  Tmut/Pois      8%         N/A       99%         5
 Blade Hands              Tmut           6%         N/A       99%         5
 Freezing Cloud           Conj/Ice/Air   6%         6-21      99%         5
 Irradiate                Conj/Tmut      6%         3d13      99%         5
 Iskenderun's Battlesphe  Conj           12%        2d7       99%         5
 Lee's Rapid Deconstruct  Erth           6%         3d6*      99%         5
 Summon Forest            Summ/Tloc      6%         N/A       99%         5
 Dispersal                Tloc           6%         N/A       100%        6
 Eringya's Noxious Bog    Tmut/Pois      6%         N/A       100%        6
 Leda's Unmaking          Conj/Erth      6%         9d2       100%        6
 Statue Form              Tmut/Erth      8%         N/A       100%        6
 Summon Cactus Giant      Summ           6%         N/A       100%        6
 Dragon Form              Tmut           6%         N/A       100%        7
 Orb of Destruction       Conj           6%         9d6       100%        7
 Ozocubu's Refrigeration  Ice            6%         4d8       100%        7
 Storm Form               Tmut/Air       6%         N/A       100%        7
 Summon Hydra             Summ           6%         N/A       100%        7
 Borgnjor's Revivificati  Necr           6%         N/A       100%        8
 Discord                  Hex            11%        N/A       100%        8
 Disjunction              Tloc           6%         N/A       100%        8
 Ignition                 Fire           6%         3d4       100%        8
 Lehudib's Crystal Spear  Conj/Erth      6%         10d3      100%        8
 Necromutation            Tmut/Necr      6%         N/A       100%        8
 Death's Door             Necr           6%         N/A       100%        9


Dungeon Overview and Level Annotations

Branches:
Dungeon (15/15)            Temple (1/1) D:5            Lair (5/5) D:10
  Swamp (4/4) Lair:2       Spider (4/4) Lair:2        Slime (5/5) Lair:4
    Orc (2/2) D:10            Elf (3/3) Orc:2        Vaults (5/5) D:13
  Crypt (3/3) Vaults:3       Tomb (0/3) Crypt:3      Depths (4/4) D:15
    Zot (3/5) Depths:4     Bailey (visited)          WizLab (visited)
Gauntlet (visited)

Altars:
Ashenzari
Cheibriados
Dithmenos
Elyvilon
Fedhas
Gozag
Hepliaklqana
Kikubaaqudgha
Makhleb
Nemelex Xobeh
Okawaru
Qazlal
Ru
Sif Muna
Trog
Uskayaw
Vehumet
Wu Jian
Xom
Yredelemnul
Zin
The Shining One
Jiyva

Shops:
D:4 :   D:10 ([   D:14 *   D:15 [   Orc:2 :[([   Elf:1 ?   Elf:2 ((:[*
Vaults:1 (   Vaults:4 (   Vaults:5 :[=*

Portals:
Hell: Depths:1 Depths:2 Depths:3 Depths:4
Abyss: Depths:2 Depths:3 Depths:4
Pandemonium: Depths:2 Depths:4
Ziggurat: Depths:3


Innate Abilities, Weirdness & Mutations

Your skin changes colour to match your surroundings (Stealth+).
You possess an exceptional clarity of mind.
You are very clumsy. (Dex -4)
Your magical capacity is low. (-10% MP)
Your muscles are strong. (Str +4, Int/Dex -1)
You are occasionally teleported next to monsters.
Your spells are a little harder to cast, but a little more powerful.
Potions are less effective at restoring your health.


Message History

The golden dragon bites you!
* * * LOW HITPOINT WARNING * * *
You block the golden dragon's attack.
The golden dragon tramples you but does no damage.
You hit the golden dragon.
The golden dragon is severely wounded.
You are engulfed in poison gas.
You are more poisoned.
* * * LOW HITPOINT WARNING * * *
x2 You feel extremely sick.
Unknown command.
Unknown command.
Your system partially rejects the healing.
You feel better.
You are engulfed in poison gas.
You are poisoned.
* * * LOW HITPOINT WARNING * * *
x2 You feel very sick.
You block the golden dragon's attack.
The golden dragon completely misses you.
The golden dragon barely misses you.
The curse toe gestures.
Your system partially rejects the healing.
You feel better.
You are engulfed in poison gas.
You are lethally poisoned!
* * * LOW HITPOINT WARNING * * *
x2 You feel very sick.
The golden dragon bites you.
* * * LOW HITPOINT WARNING * * *
The golden dragon completely misses you.
The golden dragon tramples you but does no damage.
You block the wandering mushroom's attack.
Unknown command.
You sock the wandering mushroom!
The wandering mushroom is lightly damaged.
You are engulfed in poison gas.
You are more poisoned.
* * * LOW HITPOINT WARNING * * *
The Shining One protects you from harm! You block the golden dragon's attack.
The golden dragon claws you!
You die...

#.......#####
####........#
#........#
#........#
#........#
#....##### #....#
############....#
......).)f@Df...#
##≈.....°###z...#
#≈≈...≈§# #○...#
##≈≈.≈≈## #....#
##≈≈≈## .......
#### .........
..........
.......


You could see a golden dragon, a curse toe and 2 wandering mushrooms.

Vanquished Creatures
  the Royal Jelly (Arena)
  Dissolution (Slime:3)
  3 dread liches
  2 ancient liches
  3 orbs of fire
  3 juggernauts
  Mara (Depths:2)
  Sojobo (Vaults:4)
  Vv (Crypt:3)
  A Killer Klown (Zot:3)
  Frederick (Vaults:3)
  Saint Roka (Vaults:1)
  8 caustic shrikes (Depths:4)
  A curse toe (Zot:1)
  4 golden dragons
  Jory (Crypt:3)
  Nikola (Vaults:3)
  3 bone dragons
  Arachne (Spider:2)
  An electric golem (Zot:1)
  The ghost of Gexir the Sorcerer, a veteran DjCj of Jiyva (Vaults:1)
  Rupert (Lair:5)
  A walking crystal tome (Depths:4)
  15 tentacled monstrosities
  A moon troll (WizLab)
  A walking earthen tome (Depths:3)
  6 liches
  A walking frostbound tome (Depths:3)
  7 deep elf blademasters
  25 titans
  2 ancient champions (Crypt:1)
  18 acid blobs
  12 quicksilver dragons
  11 deep elf master archers
  9 tentacled starspawn
  5 death cobs
  4 sphinxes
  The ghost of Xuic Qoc the Alchemist, an adept OpTm of Gozag (Swamp:3)
  12 storm dragons
  2 thorn hunters (Swamp:4)
  The ghost of Wopeutesag the Eclecticist, an adept DECj of Gozag (Elf:1)
  8 tengu reavers
  Donald (Vaults:3)
  6 shadow dragons
  2 draconian monks
  3 azure jellies
  23 fire giants
  2 iron dragons
  4 fenstrider witches
  9 rockslimes
  9 deep elf sorcerers
  9 ghost moths
  Louise (Swamp:3)
  2 draconian knights (Zot:1)
  15 vault wardens
  22 frost giants
  4 emperor scorpions
  Aizul (Swamp:3)
  4 curse skulls
  4 draconian scorchers
  3 deep elf elementalists (Elf:3)
  3 draconian stormcallers
  6 cacodemons
  4 spriggan defenders
  2 reapers
  19 ironbound preservers
  8 quicksilver oozes
  3 orc warlords
  A quicksilver ooze (shapeshifter) (Vaults:4)
  16 very ugly things
  39 stone giants
  3 draconian annihilators
  13 ghouls
  8 formless jellyfish
  3 broodmothers
  8 war gargoyles
  6 vampire knights
  A broodmother (shapeshifter) (Elf:1)
  A formless jellyfish (shapeshifter) (D:15)
  8 black draconians
  7 ironbound thunderhulks
  5 deep elf demonologists
  9 deep elf annihilators
  Azrael (D:13)
  13 green draconians
  20 dire elephants
  A lorocyproca (Depths:2)
  8 red draconians
  9 white draconians
  7 spark wasps
  7 yellow draconians
  5 bunyips (Swamp:4)
  7 purple draconians
  A minotaur (Gauntlet)
  6 eleionomae
  An ettin (shapeshifter) (Vaults:4)
  2 eidola
  9 fire dragons
  7 crystal guardians
  2 green deaths
  12 deep elf death magi
  17 jiangshi
  12 yaktaur captains
  14 ettins
  A spriggan zombie (Crypt:3)
  4 deep elf high priests
  6 entropy weavers
  19 great orbs of eyes
  4 spriggan air magi
  Harold (D:10)
  A quicksilver dragon skeleton (Crypt:3)
  5 jorogumos
  29 vault guards
  4 ogre magi
  12 hydras
  11 ice dragons
  2 hell beasts
  A merfolk avatar (Abyss:5)
  2 peacekeepers
  A salamander tyrant (Depths:2)
  7 ghost crabs
  A rakshasa (Vaults:1)
  9 ironbound frosthearts
  6 death knights
  7 radroaches
  A spriggan skeleton (Crypt:3)
  7 centaur warriors
  7 boulder beetles
  11 alligators
  5 two-headed ogres
  3 merfolk aquamancers (Crypt:2)
  8 deep troll earth magi
  8 death yaks
  13 deep troll shamans
  9 demonic crawlers
  Urug (D:13)
  39 dancing weapons
  7 orc high priests
  6 tengu warriors
  3 hell hogs
  9 thrashing horrors (Abyss:5)
  5 spriggan berserkers
  A titan zombie (Crypt:3)
  10 vampire magi
  10 soul eaters
  13 hell knights
  Sonja (Orc:1)
  26 deep elf knights
  A titan skeleton (Crypt:3)
  28 skeletal warriors
  6 iron trolls
  4 sixfirhies
  2 wretched stars
  3 skysharks
  2 salamander mystics (Depths:2)
  3 sun moths
  10 glowing orange brains
  9 pharaoh ants
  64 deep trolls
  A death drake (Swamp:4)
  3 goliath frogs
  A quicksilver dragon simulacrum (Depths:3)
  Lodul (D:10)
  A deep troll (shapeshifter) (Vaults:4)
  6 flayed ghosts
  An orange crystal statue (WizLab)
  An anaconda skeleton (Crypt:3)
  12 orb spiders
  An iron giant skeleton (Crypt:2)
  18 deep elf archers
  4 bog bodies
  33 deep elf pyromancers
  8 swamp dragons
  14 spriggan druids
  13 phantasmal warriors
  13 wizards
  3 lindwurms
  18 ironbound convokers
  28 deep elf zephyrmancers
  A tengu zombie (Crypt:3)
  A harpy (shapeshifter) (Elf:2)
  10 harpies (Vaults:1)
  11 necromancers
  5 shining eyes
  A shadow dragon zombie (Crypt:1)
  7 steelbarb worms
  7 orc knights
  9 orc sorcerers
  5 salamanders (Depths:2)
  A stone giant zombie (Crypt:2)
  25 wolf spiders
  An iron dragon zombie (Crypt:3)
  A mana viper (Abyss:1)
  4 manticores
  6 will-o-the-wisps
  43 ugly things
  2 cyclopes (shapeshifter)
  3 cyclopes
  A naga zombie (Crypt:3)
  A rust devil (Crypt:1)
  2 centaur zombies
  18 moths of wrath
  2 worldbinders (Abyss:1)
  A sphinx skeleton (Vaults:1)
  2 black mambas
  5 apocalypse crabs
  The ghost of philipeq the Fighter, a novice DsFi (D:5)
  20 vault sentinels
  3 smoke demons
  5 orange demons
  A gargoyle (D:12)
  A hellion (Crypt:1)
  6 large abominations
  4 unseen horrors
  An eye of devastation (shapeshifter) (Vaults:4)
  9 eyes of devastation
  A rime drake (Lair:3)
  18 cane toads
  3 torpor snails
  An iron troll zombie (Crypt:1)
  4 komodo dragons
  Maggie (D:7)
  A dire elephant skeleton (Crypt:3)
  2 kobold demonologists (Crypt:2)
  5 freezing wraiths
  2 efreet
  A mana viper zombie (Crypt:2)
  3 tengu conjurers
  26 yaktaurs
  A hydra zombie (Crypt:3)
  A silent spectre (Crypt:2)
  An elf skeleton (Vaults:1)
  A death yak skeleton (Crypt:1)
  A yellow draconian skeleton (Crypt:1)
  3 hellwings
  A harpy zombie (Crypt:2)
  6 meliai
  A polar bear (shapeshifter) (D:15)
  11 trolls
  A hydra skeleton (Crypt:2)
  4 tyrant leeches
  28 tarantellas
  9 hornets
  A harpy skeleton (Crypt:2)
  3 polar bears
  27 blink frogs
  11 dream sheep (Lair:4)
  A raiju (Abyss:1)
  47 flying skulls
  29 jumping spiders
  158 slime creatures
  A fire dragon zombie (Crypt:3)
  21 culicivoras
  A jumping spider (shapeshifter) (Depths:4)
  11 spriggans
  9 wyverns
  8 wraiths
  An ettin skeleton (Abyss:1)
  3 vampires (Vaults:3)
  A wind drake zombie (Crypt:1)
  A ynoxinul (Depths:2)
  9 water elementals
  A hog (shapeshifter) (Vaults:3)
  3 fire bats (Depths:2)
  2 steam dragons
  3 basilisks
  46 yaks
  3 air elementals
  8 fire elementals
  14 golden eyes
  42 redbacks
  20 vampire mosquitoes
  4 chaos spawn
  3 wargs (Orc:2)
  Edmund (D:5)
  5 neqoxecs
  21 swamp worms
  13 water moccasins
  3 hell hounds (D:13)
  An acid dragon (D:14)
  A faun zombie (Crypt:2)
  4 small abominations (Abyss:1)
  A swamp drake (Swamp:2)
  Duvessa (D:5)
  A glowing shapeshifter skeleton (Crypt:2)
  73 orc warriors
  2 sky beasts
  A sky beast (shapeshifter) (D:13)
  2 black bears
  2 ice beasts
  A lindwurm zombie (Crypt:1)
  26 ogres
  13 wolves
  17 boggarts
  8 centaurs
  22 starcursed masses
  A phantom (D:5)
  3 kobold brigands
  Blork the orc (D:4)
  5 earth elementals
  2 scorpions
  5 necrophages
  A vine stalker zombie (Crypt:2)
  21 bullfrogs
  A draconian skeleton (Crypt:2)
  A gnoll sergeant (D:9)
  A human skeleton (Vaults:1)
  5 wights (Abyss:1)
  Dowan (D:5)
  4 killer bees (D:9)
  4 howler monkeys (D:7)
  3 electric eels
  A crimson imp (D:6)
  27 orc priests
  A bullfrog skeleton (Crypt:2)
  A gnoll bouda (D:6)
  3 hounds
  2 iguanas (D:5)
  5 iron imps (Crypt:1)
  30 orc wizards
  2 sleepcaps (D:6)
  Natasha (thrice) (D:1)
  2 naga skeletons
  Robin (D:3)
  13 gnolls
  10 adders
  4 shadow imps (Gauntlet)
  6 white imps
  2 ufetubi
  2 adder skeletons
  2 adder zombies (D:3)
  2 worms
  2 dart slugs
  141 orcs
  8 ball pythons
  7 endoplasms
  21 goblins
  6 hobgoblins
  7 jackals
  23 kobolds
  4 bats
  3 frilled lizards (D:3)
  5 rats
  5 starspawn tentacles (WizLab)
2773 creatures vanquished.

Vanquished Creatures (others)
  A walking crystal tome (Depths:3)
  Asterion (Vaults:1)
  A deep elf master archer (Crypt:3)
  4 eldritch tentacles
  A deep elf annihilator (Elf:3)
  A deep elf knight (Elf:2)
  An orb spider (Spider:2)
  2 bloated husks
  A neqoxec (Swamp:4)
  A human (Crypt:2)
  A swamp worm (Swamp:4)
  A vampire mosquito (D:13)
  A boggart (Vaults:1)
  A centaur (D:7)
  A white imp (Abyss:1)
  An orc (Orc:2)
  2 goblins (D:8)
  A kobold (D:8)
  26 foxfires (Swamp:3)
  34 spectral weapons
  23 starspawn tentacles
106 creatures vanquished.

Grand Total: 2879 creatures vanquished

Notes
Turn   | Place    | Note
-------+----------+-------------------------------------------
     0 | D:1      | hattey the Human Wanderer began the quest for the Orb.
     0 | D:1      | hattey set off with the following items: a +0 dagger, a +0
                  | buckler, a potion of might, a +0 leather armour, a scroll
                  | of vulnerability; and the following spell memorised: Slow;
                  | and the following spells available to memorise: Dazzling
                  | Flash, Leda's Liquefaction.
     0 | D:1      | Reached XP level 1. HP: 18/18 MP: 2/2
   220 | D:1      | Reached XP level 2. HP: 23/24 MP: 3/3
   296 | D:1      | Found a faded altar of an unknown god.
   963 | D:2      | Reached skill level 4 in Fighting
   963 | D:2      | Reached XP level 3. HP: 21/30 MP: 2/4
  1309 | D:2      | Noticed Natasha
  1325 | D:1      | Killed Natasha
  1326 | D:1      | Reached skill level 1 in Maces & Flails
  1326 | D:1      | Reached XP level 4. HP: 20/38 MP: 2/5
  1749 | D:1      | Noticed Natasha
  1756 | D:1      | Killed Natasha
  2069 | D:1      | Noticed Natasha
  2078 | D:1      | Killed Natasha
  2079 | D:1      | Reached skill level 5 in Fighting
  2079 | D:1      | Reached XP level 5. HP: 29/44 MP: 2/6
  3645 | D:3      | Reached XP level 6. HP: 49/51 MP: 7/7
  3684 | D:3      | Noticed Robin
  3787 | D:3      | Killed Robin
  3939 | D:3      | Found a basalt altar of Yredelemnul.
  4032 | D:4      | You fall into a shaft and drop 1 floor!
  4032 | D:5      | Entered Level 5 of the Dungeon
  4055 | D:4      | Identified the +12 chain mail of Articulation {rN+ Dex+2}
  4085 | D:4      | Reached skill level 6 in Fighting
  4304 | D:4      | Found Ejecesm's Book Emporium.
  4309 | D:4      | Noticed Blork the orc
  4562 | D:4      | Killed Blork the orc
  4889 | D:4      | Reached XP level 7. HP: 59/59 MP: 8/8
  5044 | D:4      | Found a snail-covered altar of Cheibriados.
  5048 | D:4      | Found a broken altar of Ashenzari.
  5285 | D:5      | Reached skill level 7 in Fighting
  5364 | D:5      | Found a stormy altar of Qazlal.
  5428 | D:5      | Found a staircase to the Ecumenical Temple.
  5437 | Temple   | Entered the Ecumenical Temple
  5447 | Temple   | Became a worshipper of Warmaster Okawaru
  5811 | D:5      | Noticed Edmund
  5823 | D:5      | Killed Edmund
  5824 | D:5      | Reached XP level 8. HP: 41/68 MP: 0/9
  6298 | D:5      | Reached skill level 8 in Fighting
  6417 | D:5      | Noticed philipeq's ghost (novice DsFi)
  6420 | D:5      | Found a runed translucent door.
  6498 | D:5      | Noticed Duvessa
  6498 | D:5      | Noticed Dowan
  6519 | D:5      | Killed Duvessa
  6519 | D:5      | Reached * piety under Okawaru
  6538 | D:5      | Killed Dowan
  7020 | D:6      | Reached skill level 5 in Maces & Flails
  7132 | D:6      | Reached skill level 9 in Fighting
  7242 | D:6      | Reached XP level 9. HP: 76/76 MP: 10/10
  7427 | D:5      | Reached ** piety under Okawaru
  7428 | D:5      | Reached skill level 1 in Invocations
  7912 | D:7      | Reached skill level 10 in Fighting
  8099 | D:7      | Noticed Maggie
  8118 | D:7      | Killed Maggie
  8232 | D:7      | Identified the +6 flail of Wisdom {freeze, rF+ Dex+2 SInv}
  8282 | D:7      | Reached *** piety under Okawaru
  8619 | D:8      | Found a shadowy altar of Dithmenos.
  8629 | D:7      | Reached skill level 5 in Invocations
  8653 | D:7      | Reached XP level 10. HP: 84/85 MP: 13/13
  8726 | D:8      | Found a flagged portal.
  8736 | Bailey   | Entered a bailey
  8905 | Bailey   | Noticed an orc knight
  9044 | Bailey   | Killed an orc knight
  9044 | Bailey   | Reached **** piety under Okawaru
  9301 | Bailey   | Reached skill level 10 in Maces & Flails
 10482 | Bailey   | Noticed an orc knight
 10733 | Bailey   | Killed an orc knight
 10942 | D:8      | HP: 3/85 [yak (2)]
 11184 | D:8      | Reached XP level 11. HP: 87/90 MP: 14/14
 12224 | D:9      | Reached ***** piety under Okawaru
 12885 | D:10     | Entered Level 10 of the Dungeon
 12892 | D:10     | Noticed Harold
 12926 | D:10     | Killed Harold
 12931 | D:10     | Found Vezufyff's Weapon Shoppe.
 12994 | D:10     | Found a staircase to the Orcish Mines.
 12996 | D:10     | Found Daumih's Armour Shoppe.
 13460 | D:10     | Found a staircase to the Lair.
 13507 | D:10     | Received a gift from Okawaru
 13577 | D:10     | Noticed Lodul
 14004 | D:10     | Killed Lodul
 14005 | D:10     | Reached XP level 12. HP: 82/97 MP: 15/15
 14049 | D:10     | Noticed a boulder beetle
 14130 | D:10     | Killed a boulder beetle
 14199 | D:10     | Reached skill level 15 in Maces & Flails
 14663 | D:11     | Identified the +5 dagger of the Warrior-Mage {heavy, Int+7}
                  | (Okawaru gifted it to you on level 11 of the Dungeon)
 14663 | D:11     | Received a gift from Okawaru
 14664 | D:11     | Reached skill level 1 in Armour
 14840 | D:11     | Noticed a tengu warrior
 15303 | D:11     | Killed a tengu warrior
 15722 | Orc:1    | Entered Level 1 of the Orcish Mines
 15857 | Orc:1    | Noticed Sonja
 15895 | Orc:1    | Paralysed by Sonja for 5 turns
 15909 | Orc:1    | Killed Sonja
 15909 | Orc:1    | Received a gift from Okawaru
 15910 | Orc:1    | Reached skill level 5 in Armour
 16199 | Orc:2    | Entered Level 2 of the Orcish Mines
 16410 | Orc:2    | Noticed a two-headed ogre
 16443 | Orc:2    | Killed a two-headed ogre
 16444 | Orc:2    | Reached skill level 5 in Shields
 16879 | Orc:2    | Reached XP level 13. HP: 105/105 MP: 16/16
 16984 | Orc:1    | Noticed an orc warlord
 17626 | Orc:1    | Killed an orc warlord
 17627 | Orc:1    | Reached skill level 11 in Fighting
 18289 | Orc:2    | Identified the ring of the Two Names {Fly Dex+3 Slay+3}
 18382 | Orc:2    | Reached ****** piety under Okawaru
 18408 | Orc:2    | Noticed an orc warlord
 18463 | Orc:2    | Killed an orc warlord
 18666 | Orc:2    | Found Dotwer's Antique Weapon Shop.
 19247 | Orc:2    | Found a staircase to the Elven Halls.
 19314 | Orc:2    | Received a gift from Okawaru
 19702 | Orc:2    | Found Riozxuss's Armour Boutique.
 20765 | Orc:2    | Reached skill level 12 in Fighting
 20766 | Orc:2    | Found Isok's Antique Armour Shoppe.
 20830 | Orc:2    | Found Lukha's Book Boutique.
 20888 | Orc:2    | Reached XP level 14. HP: 97/115 MP: 17/17
 20992 | Orc:2    | Gained mutation: You are frail. (-10% HP) [a neqoxec]
 20993 | Orc:2    | Gained mutation: You do not regenerate when monsters are
                  | visible. [a neqoxec]
 20995 | Orc:2    | Reached skill level 10 in Armour
 21048 | Orc:2    | Bought a jewelled buckler for 275 gold pieces
 21048 | Orc:2    | Identified the +0 buckler "Lucopyps" {Drain rF+ Will+++
                  | Slay+2} (You bought it in a shop on level 2 of the Orcish
                  | Mines)
 21048 | Orc:2    | Bought a translucent cloak for 275 gold pieces
 21048 | Orc:2    | Identified the +1 cloak of Valour {Dex+7} (You bought it in
                  | a shop on level 2 of the Orcish Mines)
 21169 | Lair:1   | Entered Level 1 of the Lair of Beasts
 21516 | Lair:1   | Received a gift from Okawaru
 22439 | Lair:2   | Found a hole to the Spider Nest.
 22480 | Lair:2   | Received a gift from Okawaru
 22833 | Lair:2   | Found a staircase to the Swamp.
 23479 | Lair:3   | Found an ornate altar of the Wu Jian Council.
 24090 | Lair:4   | Received a gift from Okawaru
 24206 | Lair:4   | Found a staircase to the Slime Pits.
 24207 | Lair:4   | Found a viscous altar of Jiyva.
 24485 | Lair:4   | Reached skill level 13 in Fighting
 24910 | Lair:5   | Entered Level 5 of the Lair of Beasts
 24994 | Lair:5   | Reached XP level 15. HP: 81/110 MP: 18/18
 25035 | Lair:5   | Received a gift from Okawaru
 25868 | Lair:5   | Noticed Rupert
 25905 | Lair:5   | Killed Rupert
 25905 | Lair:5   | Received a gift from Okawaru
 25905 | Lair:5   | Found the +7 Kryia's mail coat {PotionHeal*2 rC+}
 26076 | Lair:5   | Reached skill level 10 in Shields
 27372 | D:12     | Reached skill level 1 in Ranged Weapons
 28032 | D:13     | Noticed Urug
 28041 | D:13     | Killed Urug
 28333 | D:13     | Lost mutation: You are frail. (-10% HP) [potion of
                  | mutation]
 28333 | D:13     | Lost mutation: You do not regenerate when monsters are
                  | visible. [potion of mutation]
 28333 | D:13     | Gained mutation: You have an increased reservoir of magic.
                  | (+10% MP) [potion of mutation]
 28333 | D:13     | Gained mutation: You occasionally shout uncontrollably at
                  | your foes. [potion of mutation]
 28333 | D:13     | Gained mutation: You passively map a small area around you.
                  | [potion of mutation]
 28345 | D:13     | Lost mutation: You passively map a small area around you.
                  | [potion of mutation]
 28345 | D:13     | Lost mutation: You occasionally shout uncontrollably at
                  | your foes. [potion of mutation]
 28345 | D:13     | Lost mutation: You have an increased reservoir of magic.
                  | (+10% MP) [potion of mutation]
 28345 | D:13     | Gained mutation: Your system is resistant to poisons.
                  | (rPois) [potion of mutation]
 28345 | D:13     | Gained mutation: You possess an exceptional clarity of
                  | mind. [potion of mutation]
 28345 | D:13     | Gained mutation: You have a pair of small horns on your
                  | head. [potion of mutation]
 28756 | D:13     | Noticed Azrael
 28773 | D:13     | Reached XP level 16. HP: 118/132 MP: 19/19
 28785 | D:13     | Killed Azrael
 29126 | D:13     | Found a gate to the Vaults.
 29437 | D:14     | Reached skill level 14 in Fighting
 29523 | D:14     | Identified the +0 cloak of Youthful Indiscretion {Int+4
                  | Dex-2} (Okawaru gifted it to you on level 14 of the
                  | Dungeon)
 29523 | D:14     | Received a gift from Okawaru
 29539 | D:14     | Found Nimuralu's Elemental Accessories.
 29585 | D:14     | Found a gate leading to a gauntlet.
 29620 | Gauntlet | Entered a Gauntlet
 29620 | Gauntlet | Found a transporter.
 29676 | Gauntlet | Found a transporter.
 29693 | Gauntlet | Found a transporter.
 29697 | Gauntlet | Found a transporter.
 29718 | Gauntlet | Found a transporter.
 29731 | Gauntlet | Found a transporter.
 29745 | Gauntlet | Found a transporter.
 29773 | Gauntlet | Found a runed translucent door.
 29774 | Gauntlet | Found a transporter.
 29774 | Gauntlet | Found a transporter.
 29779 | Gauntlet | Found a transporter.
 29788 | Gauntlet | Found a runed translucent door.
 29808 | Gauntlet | Found a transporter.
 29808 | Gauntlet | Found a transporter.
 29903 | Gauntlet | Identified the amulet of Nabufafe {Faith rElec Dex+5}
 29999 | Gauntlet | Identified the amulet "Plog" {Reflect rF+ SH+5 Stlth+}
 30016 | Gauntlet | Identified the ring of Ziremoz {rC+ Int+5}
 30033 | Gauntlet | Identified a scroll of acquirement
 30787 | D:15     | Entered Level 15 of the Dungeon
 30811 | D:15     | Found Gitiah's Antique Armour Emporium.
 31473 | D:15     | Reached skill level 15 in Armour
 31499 | D:15     | Reached skill level 5 in Ranged Weapons
 32007 | D:15     | Found a staircase to the Depths.
 32235 | Spider:1 | Entered Level 1 of the Spider Nest
 32316 | Lair:2   | Received a gift from Okawaru
 32565 | Lair:2   | Reached skill level 15 in Fighting
 33206 | Spider:1 | Reached XP level 17. HP: 39/142 MP: 20/20
 33745 | Spider:1 | Paralysed by a jorogumo for 3 turns
 34358 | Spider:1 | Received a gift from Okawaru
 34900 | Spider:2 | Reached skill level 5 in Dodging
 35500 | Spider:1 | Received a gift from Okawaru
 35799 | Spider:2 | Identified the +9 flail "Esifoni" {drain, Str-3 Dex+6}
 36542 | Spider:3 | Noticed Arachne
 36548 | Spider:3 | Reached skill level 16 in Fighting
 37286 | Spider:2 | Killed Arachne
 37565 | Spider:4 | Entered Level 4 of the Spider Nest
 38129 | Spider:4 | Reached XP level 18. HP: 150/152 MP: 21/21
 38719 | Spider:4 | Gained mutation: Your body sometimes deteriorates upon
                  | taking damage. [mutagenic glow]
 39059 | Spider:4 | Reached skill level 10 in Ranged Weapons
 40124 | Spider:4 | Received a gift from Okawaru
 40710 | Spider:3 | Reached skill level 17 in Fighting
 41484 | Spider:4 | Got a gossamer rune of Zot
 41798 | D:14     | Lost mutation: Your body sometimes deteriorates upon taking
                  | damage. [potion of mutation]
 41798 | D:14     | Lost mutation: You have a pair of small horns on your head.
                  | [potion of mutation]
 41798 | D:14     | Lost mutation: Your system is resistant to poisons. (rPois)
                  | [potion of mutation]
 41798 | D:14     | Gained mutation: You have large cloven feet. [potion of
                  | mutation]
 41798 | D:14     | Gained mutation: Your spells are a little harder to cast,
                  | but a little more powerful. [potion of mutation]
 41798 | D:14     | Gained mutation: Your system is resistant to poisons.
                  | (rPois) [potion of mutation]
 41798 | D:14     | Gained mutation: You passively map a small area around you.
                  | [potion of mutation]
 41956 | Swamp:1  | Entered Level 1 of the Swamp
 42317 | Lair:2   | Identified the +0 ring mail "Koguhy" {rCorr Str+3 Dex-2}
                  | (Okawaru gifted it to you on level 2 of the Lair of Beasts)
 42317 | Lair:2   | Received a gift from Okawaru
 42632 | Swamp:1  | Found a transporter.
 42711 | Swamp:1  | Found a transporter.
 42991 | Swamp:1  | Reached XP level 19. HP: 161/161 MP: 22/22
 43403 | Swamp:1  | Identified the ring "Aveypuqin" {MP+9 SInv}
 43406 | Swamp:1  | Identified the +2 cloak of Boredom {-Tele rC+++ Slay+3
                  | SInv}
 43479 | Swamp:2  | Noticed a tentacled monstrosity
 43586 | Swamp:1  | Killed a tentacled monstrosity
 43872 | Swamp:2  | Reached XP level 20. HP: 166/168 MP: 23/23
 44243 | Swamp:2  | Found a runed translucent door.
 44976 | D:5      | Killed philipeq's ghost
 45236 | Swamp:2  | Reached skill level 10 in Dodging
 45262 | Swamp:3  | Noticed a tentacled monstrosity
 45283 | Swamp:3  | Killed a tentacled monstrosity
 45562 | Swamp:3  | Noticed Aizul
 45574 | Swamp:3  | Killed Aizul
 45830 | Swamp:3  | Found a runed translucent gate.
 45831 | Swamp:3  | Found a runed translucent gate.
 45832 | Swamp:3  | Noticed Xuic Qoc's ghost (adept OpTm)
 45833 | Swamp:3  | Found a runed translucent gate.
 45901 | Swamp:3  | Killed Xuic Qoc's ghost
 45959 | Swamp:4  | Entered Level 4 of the Swamp
 45959 | Swamp:4  | Noticed Louise
 45967 | Swamp:3  | Killed Louise
 45974 | Swamp:3  | Upgraded the game from 0.31-a0-145-g046c7d2549 to
                  | 0.31-a0-150-g89dc3ad700
 46353 | Swamp:4  | Reached skill level 18 in Fighting
 46694 | Swamp:4  | Noticed a tentacled monstrosity
 46717 | Swamp:4  | Killed a tentacled monstrosity
 46717 | Swamp:4  | Received a gift from Okawaru
 46821 | Swamp:4  | Reached skill level 15 in Ranged Weapons
 47609 | Swamp:4  | Noticed a tentacled monstrosity
 47968 | Swamp:3  | Killed a tentacled monstrosity
 48583 | Swamp:4  | Got a decaying rune of Zot
 48834 | Swamp:2  | Received a gift from Okawaru
 48835 | Swamp:2  | Reached XP level 21. HP: 169/177 MP: 24/24
 48971 | Swamp:2  | Identified the +1 plate armour of the Orcish Mines {rPois
                  | rF+}
 49319 | Elf:1    | Entered Level 1 of the Elven Halls
 49570 | Elf:1    | Found a runed translucent gate.
 49570 | Elf:1    | Found a runed translucent gate.
 49570 | Elf:1    | Found a runed translucent gate.
 49635 | Elf:1    | Found a shimmering blue altar of Sif Muna.
 49694 | Elf:1    | Paralysed by an air elemental for 1 turns
 50241 | Elf:1    | Identified the +5 ring mail of Greater Demons {rCorr}
                  | (Okawaru gifted it to you on level 1 of the Elven Halls)
 50241 | Elf:1    | Received a gift from Okawaru
 50285 | Elf:1    | Found Fuec's Magic Scroll Shop.
 50702 | Elf:1    | Noticed Wopeutesag's ghost (adept DECj)
 51111 | Elf:1    | Killed Wopeutesag's ghost
 51165 | Elf:2    | Found Myec's Antique Weapon Shop.
 51584 | Elf:2    | Found Colubb's Book Shop.
 51662 | Elf:2    | Found Ugifrue's Armour Shop.
 51817 | Elf:2    | Found Rouluy's Antique Weapon Emporium.
 51950 | Elf:2    | Found Kebronuf's Assorted Antiques.
 51953 | Elf:2    | Paralysed by an air elemental for 1 turns
 52119 | Elf:2    | Found a runed translucent gate.
 52120 | Elf:2    | Found a runed translucent gate.
 52120 | Elf:2    | Found a runed translucent gate.
 52606 | Elf:2    | Reached skill level 19 in Fighting
 53061 | Elf:2    | Identified the +0 pair of boots of Rotten Fun {rC+++ rN+
                  | Str-4} (Okawaru gifted it to you on level 2 of the Elven
                  | Halls)
 53061 | Elf:2    | Received a gift from Okawaru
 53474 | Elf:2    | Acquired a +4 hand crossbow of electrocution
 53481 | Elf:3    | Entered Level 3 of the Elven Halls
 53523 | Elf:3    | Found a magical portal.
 53536 | WizLab   | Entered Lehudib's Moon Base
 53693 | WizLab   | Reached XP level 22. HP: 97/189 MP: 25/25
 54010 | WizLab   | Paralysed by accursed screaming for 1 turns
 54040 | WizLab   | Reached skill level 20 in Fighting
 54532 | WizLab   | Gained mutation: You are frail. (-10% HP) [a cacodemon]
 54870 | WizLab   | Found a transporter.
 55080 | WizLab   | Gained mutation: Armour fits poorly on your strangely
                  | shaped body. [a neqoxec]
 55338 | WizLab   | Found a transporter.
 56296 | WizLab   | Got the Discursus on the Doomed Figure
 56348 | Elf:3    | Lost mutation: You possess an exceptional clarity of mind.
                  | [potion of mutation]
 56348 | Elf:3    | Lost mutation: You passively map a small area around you.
                  | [potion of mutation]
 56348 | Elf:3    | Gained mutation: You have supernaturally acute eyesight.
                  | (SInv) [potion of mutation]
 56349 | Elf:3    | Lost mutation: Your system is resistant to poisons. (rPois)
                  | [potion of mutation]
 56349 | Elf:3    | Lost mutation: You have supernaturally acute eyesight.
                  | (SInv) [potion of mutation]
 56349 | Elf:3    | Lost mutation: You have large cloven feet. [potion of
                  | mutation]
 56349 | Elf:3    | Gained mutation: Your muscles are strong. (Str +4, Int/Dex
                  | -1) [potion of mutation]
 56349 | Elf:3    | Lost mutation: Armour fits poorly on your strangely shaped
                  | body. [potion of mutation]
 56349 | Elf:3    | Lost mutation: You are frail. (-10% HP) [potion of
                  | mutation]
 56349 | Elf:3    | Gained mutation: Your skin changes colour to match your
                  | surroundings (Stealth+). [potion of mutation]
 56566 | Elf:3    | Reached skill level 21 in Fighting
 56573 | Elf:3    | Identified the +5 shortbow of Zupappy {speed, Fly rN+
                  | Will-} (Okawaru gifted it to you on level 3 of the Elven
                  | Halls)
 56573 | Elf:3    | Received a gift from Okawaru
 57878 | Elf:3    | Identified the ring of Niafiase {Str-2 Int+5 Slay+4}
 57891 | Elf:3    | Identified the +4 robe "Ciuj" {rF+ SInv}
 57909 | Elf:3    | Received a gift from Okawaru
 57910 | Elf:3    | Reached skill level 22 in Fighting
 58549 | Elf:3    | Identified the +8 morningstar of Zillisu {heavy, Str+2
                  | Int+7}
 58847 | Elf:3    | Identified the staff of death "Baleu" {rN+ Int+5}
 58850 | Elf:3    | Identified the +7 orcbow of Midsummer {heavy, Dex+6}
 58884 | Elf:3    | Found the +7 sceptre of Torment {pain, torment}
 58899 | Elf:3    | Identified the staff of air "Hedouw" {Drain rElec rPois rC+
                  | rN+}
 58910 | Elf:3    | Identified the staff of death "Caorair" {rN+ Int+2 Dex+3}
 58933 | Elf:3    | Identified the +1 robe of Dice, Bag, and Bottle {-Cast rN++
                  | Dex+3 Stlth-}
 58939 | Elf:3    | Identified the +6 pearl dragon scales of Ywoystre {rN+
                  | rCorr Int+6}
 58994 | Elf:3    | Identified the +7 whip "Human's Curse" {flame, rElec}
 58999 | Elf:3    | Identified the staff of poison "Uxkoniro" {rPois rN++
                  | Dex-2}
 59001 | Elf:3    | Identified the staff of death "Backugotz" {rElec rN+ Will-
                  | Dex+2 Stlth+}
 59398 | Depths:1 | Entered Level 1 of the Depths
 59649 | Elf:1    | Bought a scroll of enchant weapon for 90 gold pieces
 59649 | Elf:1    | Bought a scroll of magic mapping for 90 gold pieces
 60436 | Depths:1 | Found a gateway to Hell.
 60463 | Depths:1 | Found an iron altar of Okawaru.
 60471 | Depths:1 | Reached skill level 1 in Evocations
 60827 | Depths:1 | Found a sparkling altar of Nemelex Xobeh.
 61037 | Depths:2 | Found a one-way gate to the infinite horrors of the Abyss.
 61189 | Depths:2 | Reached XP level 23. HP: 175/203 MP: 26/26
 61304 | Depths:2 | Identified the +7 scale mail "Qeokkouw" {rN+}
 61369 | Depths:2 | Identified the +5 demon blade "Dathued" {venom, Str+2}
 61703 | Depths:2 | Found a one-way gate leading to the halls of Pandemonium.
 62077 | Depths:2 | Noticed a juggernaut
 62184 | Depths:2 | Noticed Mara
 62188 | Depths:2 | Noticed hattey's illusion
 62577 | Depths:2 | Received a gift from Okawaru
 62596 | Depths:2 | Noticed hattey's illusion
 62609 | Depths:2 | Killed Mara
 63360 | Depths:3 | Reached skill level 5 in Evocations
 63726 | Depths:2 | Killed a juggernaut
 63916 | Depths:3 | Noticed a golden dragon
 63924 | Depths:3 | Killed a golden dragon
 64289 | Depths:3 | Identified the ring "Siluguwk" {rN+ Int+3 SInv}
 64299 | Depths:3 | Identified the +6 dagger of Patterns {heavy, *Rage Str+4
                  | Dex+3}
 64515 | Depths:3 | Received a gift from Okawaru
 64813 | Depths:3 | You are sucked into a shaft and drop 1 floor!
 64813 | Depths:4 | Entered Level 4 of the Depths
 65417 | Depths:3 | Reached XP level 24. HP: 208/213 MP: 26/26
 65652 | Depths:3 | Found a one-way gateway to a ziggurat.
 65691 | Depths:3 | Identified the +0 robe of Vexation {Rampage rElec Will+++
                  | Str-3}
 65961 | Depths:4 | Reached skill level 23 in Fighting
 66232 | Depths:4 | Noticed a juggernaut
 66234 | Depths:4 | Noticed a juggernaut
 66255 | Depths:4 | Killed a juggernaut
 66255 | Depths:4 | Received a gift from Okawaru
 66712 | Depths:4 | Killed a juggernaut
 66797 | Depths:4 | Received a gift from Okawaru
 66813 | Depths:4 | Noticed a caustic shrike
 66833 | Depths:4 | Killed a caustic shrike
 66921 | Depths:4 | Noticed a caustic shrike
 66930 | Depths:4 | Killed a caustic shrike
 66996 | Depths:4 | Noticed a caustic shrike
 67008 | Depths:4 | Killed a caustic shrike
 67395 | Depths:4 | Got the Tractate on Obstruction
 67405 | Depths:4 | Noticed a caustic shrike
 67407 | Depths:4 | Noticed a caustic shrike
 67407 | Depths:4 | Noticed a caustic shrike
 67408 | Depths:4 | Noticed a caustic shrike
 67423 | Depths:4 | Killed a caustic shrike
 67429 | Depths:4 | Killed a caustic shrike
 67430 | Depths:4 | Killed a caustic shrike
 67434 | Depths:4 | Killed a caustic shrike
 67889 | Depths:4 | Noticed a caustic shrike
 67900 | Depths:4 | Killed a caustic shrike
 68505 | Depths:4 | Identified the +3 morningstar "Fihiv" {heavy, rPois}
                  | (Okawaru gifted it to you on level 4 of the Depths)
 68505 | Depths:4 | Received a gift from Okawaru
 69236 | Depths:4 | Noticed a golden dragon
 69243 | Depths:4 | Killed a golden dragon
 69410 | Depths:4 | Found a gate to the Realm of Zot.
 69930 | Depths:4 | Received a gift from Okawaru
 70289 | Vaults:1 | Entered Level 1 of the Vaults
 70329 | Vaults:1 | Reached XP level 25. HP: 220/221 MP: 26/26
 70350 | Vaults:1 | Reached skill level 15 in Shields
 70728 | Vaults:1 | Found Tanyer's Weapon Shoppe.
 70734 | Vaults:1 | Noticed Saint Roka
 70794 | Vaults:1 | Killed Saint Roka
 71105 | Vaults:1 | Found a runed translucent gate.
 71105 | Vaults:1 | Found a runed translucent gate.
 71105 | Vaults:1 | Found a runed translucent gate.
 71681 | Vaults:1 | Noticed Asterion
 71684 | Vaults:1 | Killed Asterion
 71737 | Vaults:1 | Reached skill level 10 in Evocations
 71751 | Vaults:1 | Identified the +0 sling of Victory {elec, Stlth+} (Okawaru
                  | gifted it to you on level 1 of the Vaults)
 71751 | Vaults:1 | Received a gift from Okawaru
 71946 | Vaults:1 | Noticed Gexir's ghost (veteran DjCj)
 72109 | Vaults:2 | Found the +3 Mad Mage's Maulers {Infuse+∞ VampMP -Cast}
 72119 | Vaults:2 | Learned a level 1 spell: Apportation
 72122 | Vaults:2 | Learned a level 2 spell: Blink
 72126 | Vaults:2 | Learned a level 3 spell: Portal Projectile
 72820 | Vaults:2 | Reached skill level 24 in Fighting
 74326 | Vaults:2 | Reached skill level 15 in Dodging
 74569 | Vaults:3 | Received a gift from Okawaru
 74580 | Vaults:3 | Noticed Donald
 74606 | Vaults:3 | Killed Donald
 75040 | Vaults:3 | Reached skill level 25 in Fighting
 75208 | Vaults:3 | Reached XP level 26. HP: 235/235 MP: 26/26
 75276 | Vaults:3 | Noticed Frederick
 75289 | Vaults:3 | Killed Frederick
 75829 | Vaults:3 | Received a gift from Okawaru
 75965 | Vaults:3 | Noticed Nikola
 76275 | Vaults:3 | Killed Nikola
 76739 | Vaults:3 | Found a staircase to the Crypt.
 77293 | Vaults:3 | Upgraded the game from 0.31-a0-150-g89dc3ad700 to
                  | 0.31-a0-152-g6aa68a64a1
 77792 | Vaults:4 | Paralysed by a formless jellyfish for 1 turns
 77943 | Vaults:4 | Found Xuotocli's Weapon Shop.
 78214 | Vaults:4 | Noticed Sojobo
 78218 | Vaults:4 | Paralysed by an air elemental for 1 turns
 78221 | Vaults:4 | Paralysed by an air elemental for 1 turns
 78225 | Vaults:4 | Killed Sojobo
 78339 | Vaults:4 | Learned a level 3 spell: Swiftness
 78347 | Vaults:4 | Learned a level 7 spell: Enfeeble
 78408 | Vaults:5 | Entered Level 5 of the Vaults
 78450 | Vaults:4 | Received a gift from Okawaru
 79141 | Vaults:4 | Identified the +0 plate armour "Uzooh" {+Inv rPois Will+}
                  | (Okawaru gifted it to you on level 4 of the Vaults)
 79141 | Vaults:4 | Received a gift from Okawaru
 79297 | Vaults:4 | Reached skill level 26 in Fighting
 80848 | Vaults:4 | Reached XP level 27. HP: 245/245 MP: 28/28
 82918 | Vaults:5 | Identified the +11 plate armour "Odaxzoha" {rCorr SInv}
 83220 | Vaults:4 | Reached skill level 5 in Spellcasting
 84456 | Vaults:5 | Noticed a dread lich
 84466 | Vaults:5 | Killed a dread lich
 84832 | Vaults:5 | Identified the amulet "Uschowevo" {RegenMP -Tele rF- rC++
                  | Will+++}
 85502 | Vaults:5 | Identified the +0 orcbow of Optimality {flame, Fly rC- rN+
                  | Int+5}
 85505 | Vaults:5 | Got a silver rune of Zot
 85615 | Vaults:5 | Identified the +1 halberd of Tumult {holy, Str+3 Dex+4
                  | SInv} (Okawaru gifted it to you on level 5 of the Vaults)
 85615 | Vaults:5 | Received a gift from Okawaru
 85708 | Vaults:5 | Identified the +4 mace of Geckyxam {spect, rF+ Dex+3}
 85837 | Vaults:5 | Found Gesot's Antique Armour Shoppe.
 85841 | Vaults:5 | Found Ruten's Book Boutique.
 85856 | Vaults:5 | Found Egrieck's Jewellery Boutique.
 85871 | Vaults:5 | Found Vuqoraerr's General Store.
 86173 | Vaults:1 | Paralysed by a formless jellyfish for 1 turns
 86630 | Vaults:1 | Killed Gexir's ghost
 87304 | Vaults:1 | Identified the +0 cloak of the Minstrel {Str+6 Int+4}
 87577 | Slime:1  | Entered Level 1 of the Pits of Slime
 89493 | Slime:3  | Reached skill level 10 in Invocations
 89505 | Slime:3  | Identified the +4 crystal plate armour of the Equinox
                  | {Contam Dex+4 Slay+3} (Okawaru gifted it to you on level 3
                  | of the Pits of Slime)
 89505 | Slime:3  | Received a gift from Okawaru
 89612 | Slime:3  | Gained mutation: You are clumsy. (Dex -2) [a shining eye]
 89810 | Slime:4  | Noticed Dissolution
 89821 | Slime:3  | Killed Dissolution
 90351 | Slime:5  | Entered Level 5 of the Pits of Slime
 90635 | Slime:5  | Paralysed by a formless jellyfish for 1 turns
 90640 | Slime:5  | Paralysed by a formless jellyfish for 1 turns
 90640 | Slime:5  | Gained mutation: You possess an exceptional clarity of
                  | mind. [a shining eye]
 90864 | Slime:5  | Noticed the Royal Jelly
 90909 | Slime:5  | Found a viscous altar of Jiyva.
 92501 | Arena    | Entered the Arena
 92511 | Arena    | Killed the Royal Jelly
 92846 | Slime:5  | Got a slimy rune of Zot
 92877 | Slime:5  | Got the Spellbook of Blasting and Curses
 92878 | Slime:5  | Identified the +1 scale mail "Wepid" {rF+ Will+}
 92909 | Slime:5  | Identified the +3 flail of the Evil Eye {spect, rF+ Will+
                  | Int+3}
 92928 | Slime:5  | Got Sif Muna's Spellbook of the Conjured Dead
 92954 | Slime:5  | Identified the +0 leather armour of Hionk {Dex+3}
 92959 | Slime:5  | Identified the +4 whip "Quxipriu" {flame, Will+}
 92967 | Slime:5  | Identified the ring of the Firefly {EV+5 Str+5 Stlth+}
 93370 | Depths:2 | Voluntarily entered the Abyss.
 93466 | Abyss:1  | Found a corrupted altar of Lugonu.
 93471 | Abyss:1  | Gained mutation: You occasionally lose the ability to drink
                  | potions when taking damage. [a neqoxec]
 93805 | Abyss:1  | Gained mutation: You occasionally lose the ability to read
                  | scrolls when taking damage. [a cacodemon]
 93840 | Abyss:1  | Gained mutation: Potions are less effective at restoring
                  | your health. [a neqoxec]
 93953 | Depths:2 | Escaped the Abyss
 94508 | Abyss:5  | Found a corrupted altar of Lugonu.
 94508 | Abyss:5  | Cast into level 5 of the Abyss (unwielding a weapon of
                  | distortion)
 94563 | Abyss:5  | Identified the +2 pair of gloves of the Lute {rF+ Str+2}
                  | (Okawaru gifted it to you on level 5 of the Abyss)
 94563 | Abyss:5  | Received a gift from Okawaru
 94565 | Abyss:5  | Found a corrupted altar of Lugonu.
 94581 | Abyss:5  | Found a corrupted altar of Lugonu.
 94603 | Abyss:5  | Found a corrupted altar of Lugonu.
 94632 | Abyss:5  | Found a corrupted altar of Lugonu.
 94672 | Abyss:5  | Found a corrupted altar of Lugonu.
 94674 | Abyss:5  | Got an abyssal rune of Zot
 94807 | Depths:2 | Escaped the Abyss
 95579 | Temple   | Fell from the grace of Okawaru
 95579 | Temple   | Became a worshipper of the Shining One
 95923 | Crypt:1  | Entered Level 1 of the Crypt
 96212 | Crypt:1  | Reached * piety under the Shining One
 96364 | Crypt:1  | Reached ** piety under the Shining One
 96365 | Crypt:1  | Found a burning altar of Makhleb.
 96407 | Crypt:1  | Reached skill level 10 in Spellcasting
 97388 | Crypt:1  | Reached *** piety under the Shining One
 97479 | Crypt:2  | Reached **** piety under the Shining One
 98528 | Crypt:1  | Reached ***** piety under the Shining One
 98557 | Crypt:1  | Reached skill level 15 in Evocations
100265 | Crypt:2  | Reached ****** piety under the Shining One
100294 | Crypt:2  | Found a runed door.
100734 | Crypt:2  | Noticed a dread lich
100737 | Crypt:2  | Noticed an ancient lich
100739 | Crypt:2  | Killed a dread lich
100741 | Crypt:2  | Killed an ancient lich
100933 | Crypt:2  | Found the +27 heavy crossbow "Sniper" {heavy, Acc+∞ SInv}
100996 | Crypt:2  | HP: 8/245 [deep elf annihilator/entropic shot (25)]
101001 | Crypt:2  | HP: 6/245 [poisoned by a deep elf annihilator (poison
                  | arrow)]
101597 | Crypt:3  | Entered Level 3 of the Crypt
102783 | Crypt:3  | Found a staircase to the Tomb.
103317 | Crypt:3  | Noticed a dread lich
103319 | Crypt:3  | Noticed Jory
103322 | Crypt:3  | Killed a dread lich
103330 | Crypt:3  | Killed Jory
103583 | Crypt:3  | Found an ancient bone altar of Kikubaaqudgha.
103622 | Crypt:3  | Identified the staff of fire "Ixextiwa" {+Blink Fly rElec
                  | rF+ Str-4}
103658 | Crypt:3  | Noticed Vv
103677 | Crypt:3  | Killed Vv
104817 | Zot:1    | Entered Level 1 of the Realm of Zot
105534 | Zot:1    | Found a transporter.
105942 | Zot:1    | Found a transporter.
106333 | Zot:1    | Lost mutation: You occasionally lose the ability to read
                  | scrolls when taking damage. [potion of mutation]
106333 | Zot:1    | Lost mutation: You occasionally lose the ability to drink
                  | potions when taking damage. [potion of mutation]
106333 | Zot:1    | Gained mutation: Your mind is acute. (Int +4, Str/Dex -1)
                  | [potion of mutation]
106499 | Zot:1    | Noticed an ancient lich
106501 | Zot:1    | Noticed an orb of fire
106519 | Zot:1    | Killed an ancient lich
107072 | Zot:1    | Gained mutation: You are occasionally teleported next to
                  | monsters. [an orb of fire]
107075 | Zot:1    | Gained mutation: Your magical capacity is low. (-10% MP)
                  | [an orb of fire]
107079 | Zot:1    | Killed an orb of fire
107249 | Zot:1    | Was forgiven by Okawaru
108010 | Zot:1    | Identified the ring of Wuefob {rPois rF+ Dex+4 SInv Stlth+}
108034 | Zot:1    | Identified the ring "Nicam" {rPois rF+ rC- rN++ SInv}
108202 | Zot:2    | Noticed an orb of fire
108204 | Zot:2    | Lost mutation: Your mind is acute. (Int +4, Str/Dex -1) [an
                  | orb of fire]
108218 | Zot:2    | Killed an orb of fire
109642 | Zot:3    | Noticed an orb of fire
109648 | Zot:3    | Gained mutation: You are very clumsy. (Dex -4) [an orb of
                  | fire]
109657 | Zot:3    | Killed an orb of fire
110894 | Zot:3    | Noticed a Killer Klown
110928 | Zot:3    | Killed a Killer Klown
111242 | Zot:3    | HP: 12/245 [poisoned by a golden dragon (poison gas)]
111243 | Zot:3    | HP: 3/245 [golden dragon] (6)]
111243 | Zot:3    | The Shining One protects you from harm!
111243 | Zot:3    | Slain by a golden dragon

Illustrated notes

Levels and vault maps discovered:
D:1:      dpeg_arrival_line_fractal, layout_loops_cross,
          shapermc_ecumenical_altar_gd
D:2:      layout_basic, uniq_natasha
D:3:      kennysheep_goblin_castle, layout_rooms,
          lemuel_zombie_altar_yredelemnul
D:4:      layout_loops_corners, minitemple, serial_shops,
          nicolae_shop_temple_entry_statues_fountains, uniq_blork_the_orc
D:5:      layout_loops_corners, marbit_many_paths,
          minmay_temple_entry_mini_moons, hellmonk_ghost_happy_afterlife,
          nicolae_figureground_sparkle, uniq_edmund, uniq_duvessa
D:6:      layout_cave_pools, dk_noncrumbling_3, minmay_fire_ice_demons
D:7:      layout_cave_pools, uniq_maggie
D:8:      layout_basic, mainiacjoe_overflow_tiny_flanked, enter_bailey_3
D:9:      layout_loops_ring, kennysheep_dice
D:10:     layout_gridville, david_lair_generic, orc_david_3, uniq_harold,
          uniq_lodul
D:11:     layout_basic
D:12:     layout_basic, dk_vineyard_3, minmay_misc_feat_pillars
D:13:     layout_roguey, david_vaults_4, uniq_urug, uniq_azrael
D:14:     layout_loops_corners, kennysheep_crisscross, gauntlet_entry_generic,
          nrook_mini_backslash, nicolae_elemental_shop
D:15:     gammafunk_enter_depths_forms, layout_rooms, bh_walls_and_bars,
          serial_shops, shop_statue, chequers_decorated_corner, minivault_19
Temple:   nicolae_temple_bog_church
Lair:1:   layout_regular_city, infiniplex_staircase_pool_2, grunt_megastairs_2
Lair:2:   layout_regular_city, swamp_mist, nicolae_spider_entry_lesser_pyramids,
          grunt_forest_small_clearing_treed
Lair:3:   layout_chaotic_city, basic_altar
Lair:4:   layout_hall_layers, slime_entry_1, serial_bayou_pond_e
Lair:5:   minmay_lair_end_frog_pond, layout_big_grid,
          nicolae_lair_run_with_the_wolves, uniq_rupert
Swamp:1:  gammafunk_worm_tunnel, layout_basic_swamp,
          evilmike_swamp_ruin_house_3, swamp_pool2
Swamp:2:  gammafunk_mikee_crab_dinner, layout_basic_swamp,
          evilmike_swamp_ruin_house_5, swamp_pool4
Swamp:3:  layout_falls_marsh, ebering_ghost_rock_garden,
          evilmike_swamp_ruin_house_4, uniq_aizul
Swamp:4:  nzn_swamp_witches_coven, layout_basic_swamp, uniq_louise
Spider:1: layout_spider_delve, nicolae_spider_world_wide_web
Spider:2: layout_spider_delve, nicolae_spider_wall_of_niches
Spider:3: layout_spider_delve, uniq_arachne
Spider:4: guppyfry_spider_rune, nicolae_spider_bug_shape
Slime:1:  layout_caves
Slime:2:  layout_caves
Slime:3:  layout_caves
Slime:4:  layout_caves, dissolution_awaits
Slime:5
Orc:1:    layout_caves, uniq_sonja
Orc:2:    pubby_orc_utopia
Elf:1:    nicolae_elf_arrival_no_cutting_in_line, layout_geoelf_grid,
          ebering_ghost_rock_garden, basic_altar, serial_shops,
          nicolae_shop_hallway_stairs, hangedman_elf_represent, st_stairs_4
Elf:2:    nicolae_elf_blades_crystal_corner, layout_loops_ring, serial_shops,
          shop, nicolae_shop_temple_entry_statues_fountains, shop,
          nicolae_lakefront_shop, nicolae_shop_crystal
Elf:3:    elf_hall, layout_rooms, infiniplex_enter_wizlab_spiral,
          onia_ninara_cookie
Vaults:1: gammafunk_ghost_tricky_traps, ontoclasm_vaults_loading_screen,
          nicolae_vaults_alarming, vaults_room_grunt_arrival_ludios,
          ontoclasm_vaults_misaligned, hangedman_vaults_nodes,
          vaults_room_ringed_pool, nicolae_vaults_octothorpe,
          nicolae_vaults_angled_halls, nicolae_vaults_network_s, v_misc_10,
          layout_vaults_omnibox, serial_shops, shop, uniq_saint_roka,
          uniq_asterion
Vaults:2: nicolae_vaults_two_Ls, nicolae_vaults_closet_pinwheel_2,
          hangedman_vaults_cutoff, ontoclasm_vaults_fault,
          nicolae_vaults_trapezoid_1, nicolae_vaults_quartermaster,
          nicolae_vaults_little_squares_3, dpeg_vaults_monster_box,
          layout_vaults_omnigrid
Vaults:3: minmay_crypt_entry_vampire_xt, dpeg_vaults_hating_casters,
          nicolae_vaults_trapezoid_lopsided_3, vaults_room_semicircle,
          ontoclasm_vaults_chip, v_misc_4, nicolae_vaults_wrenched,
          nicolae_vaults_lightning_bolt, hangedman_vaults_unwind, v_pattern_5,
          v_alt_pattern_5, nicolae_vaults_tetromino_Z_1,
          nicolae_vaults_double_plus_1, nicolae_vaults_rhombus_6,
          layout_vaults_big_cross, uniq_nikola, uniq_frederick, uniq_donald
Vaults:4: nicolae_vaults_tangram_1, vaults_mumra_hexcomb,
          nicolae_vaults_tetromino_Z_2, v_alt_pattern_6,
          nicolae_vaults_cornered_office, nicolae_vaults_house_2, v_pattern_3,
          nicolae_vaults_house_1, v_misc_29, nicolae_vaults_storage_room_doors,
          nicolae_vaults_three_branches, grunt_vaults_focal,
          nicolae_vaults_house_3, layout_vaults_maze_bifur, serial_shops, shop,
          uniq_sojobo
Vaults:5
Crypt:1:  layout_misc_corridors, grunt_ministairs_14, palyth_stone_intersect,
          lemuel_hellish_altar
Crypt:2:  evilmike_wizard_prison, layout_misc_corridors
Crypt:3:  cryptofortress_bobbens, uniq_jory, uniq_vv
Depths:1: layout_cave_pools, hell_entry, lemuel_statue_altar,
          chequers_serial_rivers_large_a, kennysheep_okawaru_gauntlet
Depths:2: evilmike_marble_ring, layout_gridville, hellmouth_1,
          rand_demon_pan_entry_3, abyss_entry, solitary_fountain,
          serial_bayou_shore_b, infiniplex_staircase_door_maze,
          nicolae_triple_integral, uniq_mara
Depths:3: minmay_the_grid_plus [minmay_the_grid_square_x,
          minmay_the_grid_plusring, minmay_the_grid_artifice,
          minmay_the_grid_fan, minmay_the_grid_prize_trominoes],
          layout_cave_shapes, enter_ziggurat_e, abyss_entry,
          grunt_mini_vestibule, infiniplex_staircase_spiral
Depths:4: grunt_runaround [grunt_runaround_doors_1, grunt_runaround_doors_2,
          grunt_runaround_doors_3, grunt_runaround_doors_4,
          grunt_runaround_zot], serial_shops, pan_entry, hell_entry, abyss_entry
Zot:1:    gammafunk_dig_for_victory, layout_misc_corridors
Zot:2:    layout_gridville
Zot:3:    nicolae_zot_stationary_front, layout_cellular_growth

Skill      XL: |  1  2  3  4  5  6  7  8  9 10 11 12 13 14 15 16 17 18 19 20 21 22 23 24 25 26 27 |
---------------+----------------------------------------------------------------------------------+-----
Fighting       | 4 5 6 7 9 10 12 13 15 16 17 18 19 22 23 25 26 | 26.0
Maces & Flails | 1 2 3 4 5 7 11 14 15 16 | 16.0
Invocations    | 5 6 10 | 10.0
Armour         | 6 9 12 13 15 20 | 20.0
Shields        | 5 7 9 10 12 14 15 17 | 17.0
Ranged Weapons | 2 6 9 12 16 18 22 | 22.9
Dodging        | 3 7 9 10 11 13 15 | 15.0
Evocations     | 2 6 9 10 15 | 15.0
Spellcasting   | 3 10 | 10.0
Hexes          | |  2.0

Action                     |  1- 3 |  4- 6 |  7- 9 | 10-12 | 13-15 | 16-18 | 19-21 | 22-24 | 25-27 || total
---------------------------+-------+-------+-------+-------+-------+-------+-------+-------+-------++-------
  Melee: Short sword       |    98 |       |       |       |       |       |       |       |       ||    98
         Morningstar       |    27 |   188 |   284 |     1 |       |       |       |       |       ||   500
         Flail             |       |       |    96 |   747 |   666 |    68 |     8 |    17 |     9 ||  1611
         Demon whip        |       |       |       |       |   522 |  1365 |  1131 |   804 |  1765 ||  5587
         Headbutt          |       |       |       |       |    13 |   419 |       |       |       ||   432
         Eveningstar       |       |       |       |       |       |       |    30 |   165 |  1286 ||  1481
   Fire: Sling             |       |    62 |       |    21 |    76 |       |       |       |       ||   159
         Hand crossbow     |       |       |       |       |       |       |    37 |   738 |  1782 ||  2557
  Throw: Dart              |       |       |     3 |       |     1 |       |       |       |       ||     4
 Invoke: Heroism           |       |       |       |     2 |     1 |     1 |       |     2 |     1 ||     7
         Finesse           |       |       |       |       |     1 |     2 |       |     2 |     1 ||     6
         Divine Shield     |       |       |       |       |       |       |       |       |     5 ||     5
         Duel              |       |       |       |       |       |       |       |       |     1 ||     1
  Evoke: Wand              |       |       |     1 |     1 |     2 |     1 |       |       |     6 ||    11
         Condenser vane    |       |       |       |       |       |       |       |       |     2 ||     2
    Use: Scroll            |       |       |     6 |     4 |    12 |    16 |     9 |     2 |     5 ||    54
         Potion            |       |       |       |     1 |     2 |     5 |       |     2 |     8 ||    18
   Stab: Invisible         |       |       |     2 |     1 |       |       |       |       |       ||     3
         Paralysed         |       |       |       |     1 |     9 |       |       |       |       ||    10
         Distracted        |       |       |       |       |       |       |     4 |     8 |     3 ||    15
         Sleeping          |       |       |       |       |       |       |       |       |     6 ||     6
 Armour: Ring mail         |    40 |    49 |       |       |       |       |       |       |       ||    89
         Chain mail        |       |    53 |   374 |   541 |   377 |   855 |   445 |    56 |       ||  2701
         Pearl dragon scal |       |       |       |       |       |       |       |   257 |  1093 ||  1350
  Dodge: Dodged            |    44 |   102 |   146 |   241 |   183 |   820 |   561 |   601 |  2733 ||  5431
  Block: Buckler           |    20 |    49 |   121 |   198 |   470 |  1026 |   528 |   491 |  2489 ||  5392
         Reflection        |       |       |       |       |    23 |    12 |    26 |    19 |   102 ||   182

Table legend: (Time is in decaauts)
 A = Elapsed time spent in this place.
 B = Non-inter-level travel time spent in this place.
 C = Inter-level travel time spent in this place.
 D = Time resting spent in this place.
 E = Time spent auto-exploring this place.
 F = Levels seen in this place.
 G = Mean time per level.
                   A        B        C        D        E       F      G
               +--------+--------+--------+--------+--------+-----+--------+
         Total | 108635 |  99315 |   9320 |  37673 |  37435 |  60 | 1810.6 |
       Dungeon |  21024 |  17214 |   3810 |   1999 |  11311 |  15 | 1401.6 |
        Temple |    356 |    173 |    183 |      0 |    152 |   1 |  356.0 |
          Lair |   7444 |   6826 |    618 |   1701 |   4023 |   5 | 1488.8 |
         Swamp |   6078 |   5638 |    440 |   2359 |   1563 |   4 | 1519.5 |
   Spider Nest |   7550 |   7407 |    143 |   3528 |   2467 |   4 | 1887.5 |
    Slime Pits |   5320 |   5019 |    301 |   1777 |   1372 |   5 | 1064.0 |
  Orcish Mines |   5851 |   5235 |    616 |   1678 |   1981 |   2 | 2925.5 |
   Elven Halls |   7244 |   6567 |    677 |   2415 |   2465 |   3 | 2414.7 |
        Vaults |  16548 |  15229 |   1319 |   6902 |   5413 |   5 | 3309.6 |
         Crypt |   7671 |   7382 |    289 |   3823 |   1423 |   3 | 2557.0 |
        Depths |  11008 |  10296 |    712 |   4497 |   3596 |   4 | 2752.0 |
           Zot |   6322 |   6117 |    205 |   3869 |   1249 |   3 | 2107.3 |
         Abyss |    822 |    822 |      0 |     50 |      0 |   2 |  411.0 |
        Bailey |   2179 |   2179 |      0 |   1478 |    113 |   1 | 2179.0 |
        Wizlab |   2755 |   2755 |      0 |   1593 |     67 |   1 | 2755.0 |
      Gauntlet |    433 |    433 |      0 |      0 |    239 |   1 |  433.0 |
         Arena |     21 |     21 |      0 |      0 |      0 |   1 |   21.0 |
               +--------+--------+--------+--------+--------+-----+--------+

Top non-repeatable levels by time:
Vaults:4: 4985 daAuts
   Orc:2: 4950 daAuts
Depths:4: 4253 daAuts
Vaults:3: 3772 daAuts
Depths:2: 3326 daAuts
 Crypt:2: 3296 daAuts
Vaults:1: 3188 daAuts
   Zot:1: 3182 daAuts
  WizLab: 2755 daAuts
  Lair:2: 2727 daAuts
   Elf:3: 2723 daAuts
Spider:4: 2540 daAuts
Vaults:2: 2473 daAuts
   Zot:2: 2366 daAuts
 Crypt:1: 2313 daAuts
